 Dungeon Crawl Stone Soup version 0.29-a0-925-g0a7a3d12f8 (webtiles) character file.

Game seed: 14883582928637738629

4 Sabo the Conjurer (level 1, 14/14 HPs)
             Began as a Hill Orc Conjurer on July 29, 2022.
             Was a Follower of Uskayaw.
             Got out of the dungeon alive.
             The game lasted 00:02:00 (577 turns).

Sabo the Conjurer (Hill Orc Conjurer)                Turns: 577, Time: 00:02:00

Health: 14/14      AC:  2    Str:  9    XL:     1   Next: 70%
Magic:  3/3        EV: 11    Int: 18    God:    Uskayaw [*.....]
Gold:   9          SH:  0    Dex:  9    Spells: 2/3 levels left

rFire   . . .      SeeInvis .   e - +0 dagger
rCold   . . .      Faith    .   (no shield)
rNeg    . . .      Spirit   .   a - +0 robe
rPois   .          Reflect  .   (no helmet)
rElec   .          Harm     .   (no cloak)
rCorr   .          Rampage  .   (no gloves)
Will    .....                   (no boots)
Stlth   ++........              (no amulet)
HPRegen 0.04/turn               (no ring)
MPRegen 0.08/turn               (no ring)

@: no status effects
A: no striking features
a: Renounce Religion, Stomp


You escaped.
You worshipped Uskayaw.
Uskayaw was noncommittal.
You visited 1 branch of the dungeon, and saw 1 of its levels.

You collected 9 gold pieces.

Inventory:

Hand Weapons
 e - a +0 dagger (weapon)
Armour
 a - a +0 robe (worn)
Scrolls
 c - a scroll of poison {unknown}
Potions
 b - a potion of magic
 d - a potion of degeneration {unknown}


   Skills:
 + Level 1.5 Dodging
 + Level 1.6 Stealth
 + Level 1.6 Spellcasting
 + Level 4.1 Conjurations


You had 2 spell levels left.
You knew the following spells:

 Your Spells              Type           Power      Damage    Failure   Level
a - Magic Dart            Conj           64%        1d6       3%          1

Your spell library contained the following spells:

 Spells                   Type           Power      Damage    Failure   Level
 Searing Ray              Conj           32%        2d5       4%          2
 Dazzling Flash           Conj/Hex       16%        N/A       24%         3
 Call Canine Familiar     Summ           1%         N/A       50%         3
 Portal Projectile        Hex/Tloc       2%         N/A       50%         3
 Fulminant Prism          Conj/Hex       4%         3d6       63%         4
 Iskenderun's Mystic Bla  Conj/Tloc      8%         2d4       63%         4
 Leda's Liquefaction      Hex/Erth       0%         N/A       88%         4


Dungeon Overview and Level Annotations

Branches:
Dungeon (1/15)

Altars:
Uskayaw


Message History

The goblin is moderately wounded.
The goblin hits you but does no damage.
You hit the goblin but do no damage.
The goblin is moderately wounded.
The goblin hits you but does no damage.
You hit the goblin.
The goblin is severely wounded.
The goblin closely misses you.
You hit the goblin.
You kill the goblin!
Things that are here:
a +0 club; a goblin corpse
d - a +0 club You start resting.
Magic restored.
You start waiting.
Done waiting.
d - a +0 club (weapon)
There is a stone staircase leading down here.
You see here a +0 dagger.
e - a +0 dagger
e - a +0 dagger (weapon)
You drop a +0 club.
Found a faded altar of an unknown god.
Found a murky green potion.
d - a murky green potion
There is a faded altar of an unknown god here.
You cannot tell which god this altar belongs to.
Convert to them anyway?
Uskayaw accepts your prayer! Uskayaw welcomes you!
You can now stomp with the beat.
You see here a +0 club.
There is a stone staircase leading down here.
You see here a goblin corpse.
You see here a quokka skeleton.
The killer bee buzzes angrily.
The iguana hisses angrily.
The jackal barks!
There is a staircase leading out of the dungeon here.
You can't go down here!
Are you sure you want to leave the Dungeon?
This will make you lose the game!
You have escaped!

#.........#
#8........#
##..###..#.#
#...#N#..#.#
###8..#w#..#.#
#.....#y#..#.#
#.#8..#l#..#.#
#.#...#h#..#.#
#.##..###..#@#
#.##8......###
#.##.......#
#.###.8.8.##
#####.#
#.....#
..รท...#
#######
####### #
#####


There were no monsters in sight!

Vanquished Creatures
  An endoplasm (D:1)
  2 goblins (D:1)
  A quokka (D:1)
4 creatures vanquished.

Vanquished Creatures (others)
  A withered plant (D:1)
1 creature vanquished.

Grand Total: 5 creatures vanquished

Notes
Turn   | Place    | Note
-------+----------+-------------------------------------------
     0 | D:1      | Sabo the Hill Orc Conjurer began the quest for the Orb.
     0 | D:1      | Reached XP level 1. HP: 14/14 MP: 3/3
     6 | D:1      | Noticed a salamander
     6 | D:1      | Noticed a killer bee
     6 | D:1      | Noticed an iguana
     7 | D:1      | Noticed a swamp worm
   491 | D:1      | Found a faded altar of an unknown god.
   506 | D:1      | Prayed at the altar of an unknown god.
   506 | D:1      | Became a worshipper of Uskayaw the Reveller
   506 | D:1      | Reached * piety under Uskayaw
   577 | D:$      | Got out of the dungeon alive.

Illustrated notes

Levels and vault maps discovered:
D:1:      onia_arrival_zoo_common, layout_loops_ring,
          ebering_ecumenical_altar_petrified, minmay_tetromino_o4

Action                   || total
-------------------------++-------
Melee: Unarmed           ||     5
 Cast: Magic Dart        ||     7
Armor: Robe              ||     2
Dodge: Dodged            ||     3

Table legend: (Time is in decaauts)
 A = Elapsed time spent in this place.
 B = Non-inter-level travel time spent in this place.
 C = Inter-level travel time spent in this place.
 D = Time resting spent in this place.
 E = Time spent auto-exploring this place.
 F = Levels seen in this place.
 G = Mean time per level.
                   A        B        C        D        E       F      G
               +--------+--------+--------+--------+--------+-----+--------+
         Total |    576 |    576 |      0 |    375 |      0 |   1 |  576.0 |
       Dungeon |    576 |    576 |      0 |    375 |      0 |   1 |  576.0 |
               +--------+--------+--------+--------+--------+-----+--------+

Top non-repeatable levels by time:
     D:1: 576 daAuts
